 Dungeon Crawl Stone Soup version 0.31.0-4-g52a2dc7128 (webtiles) character file.

Game seed: 8667175639609550856

29 Arctor the Vexing (level 3, -2/20 HPs)
             Began as a Kobold Hexslinger on Jan 22, 2024.
             Slain by Terence
             ... wielding a +0 mace
              (5 damage)
             ... on level 2 of the Dungeon.
             The game lasted 00:00:32 (1173 turns).

Arctor the Vexing (Kobold Hexslinger)               Turns: 1173, Time: 00:00:33

Health: -2/20      AC:  2    Str:  5    XL:     3   Next: 32%
Magic:  5/5        EV: 15    Int: 14    God:
Gold:   0          SH:  0    Dex: 19    Spells: 4/4 levels left

rFire   . . .        a - +1 sling
rCold   . . .        (no shield)
rNeg    . . .        c - +0 robe
rPois   .            (no helmet)
rElec   .            (no cloak)
rCorr   .            (no gloves)
SInv    .            (no boots)
Will    .....        (no amulet)
Stlth   +++          (no ring)
HPRegen 0.23/turn    (no ring)
MPRegen 0.09/turn

%: no passive effects
@: no status effects
A: small, no large weapons, nightstalker 3
a: no special abilities


You were on level 2 of the Dungeon.
You visited 1 branch of the dungeon, and saw 2 of its levels.

Inventory:

Hand Weapons
 a - a +1 sling (weapon)
 g - a +1 vampiric dagger
Armour
 c - a +0 robe (worn)
Jewellery
 e - a ring of protection from cold
 h - a ring of flight
Scrolls
 b - a scroll of poison
 d - 2 scrolls of teleportation {unknown}
 f - 2 scrolls of amnesia {unknown}
Potions
 i - 2 potions of brilliance {unknown}
 j - a potion of resistance {unknown}


   Skills:
 + Level 1.5 Fighting
 + Level 3.1 Ranged Weapons
 + Level 2.8 Dodging
 + Level 1.4 Spellcasting
 + Level 3.2 Hexes
 + Level 1.5 Fire Magic


You had 4 spell levels left.
You didn't know any spells.
Your spell library contained the following spells:

 Spells                   Type           Power      Damage    Failure   Level
 Jinxbite                 Hex            20%        N/A       10%         2
 Sigil of Binding         Hex            10%        N/A       21%         3
 Inner Flame              Hex/Fire       7%         N/A       28%         3
 Cause Fear               Hex            5%         N/A       54%         4
 Dimensional Bullseye     Hex/Tloc       2%         N/A       78%         4


Dungeon Overview and Level Annotations

Branches:
Dungeon (2/15)

Altars:

Annotations:
D:2 Terence


Innate Abilities, Weirdness & Mutations

You are small and have problems with some larger weapons.
You are completely attuned to the shadows.


Message History

A bat is nearby!
You shoot a sling bullet. The sling bullet hits the bat!
You kill the bat!
Terence the Incautious comes into view.
He is wielding a +0 mace and wearing a +2 scale mail of cold resistance.
You shoot a sling bullet.
The sling bullet hits Terence but does no damage.
Terence is nearby!
You shoot a sling bullet.
The sling bullet hits Terence but does no damage.
Terence is nearby!
You shoot a sling bullet. The sling bullet hits Terence.
Terence is lightly wounded.
Terence is nearby!
You shoot a sling bullet.
The sling bullet hits Terence but does no damage.
Terence is lightly wounded.
Terence hits you with a +0 mace. x2
You shoot a sling bullet.
The sling bullet hits Terence but does no damage.
Terence is lightly wounded.
Terence hits you with a +0 mace.
You don't know any spells.
Sorry, you're not good enough to have a special ability.
You shoot a sling bullet.
The sling bullet hits Terence but does no damage.
Terence is lightly wounded.
Terence hits you with a +0 mace.
* * * LOW HITPOINT WARNING * * *
You shoot a sling bullet.
The sling bullet hits Terence but does no damage.
Terence is lightly wounded.
Terence barely misses you. x2
You shoot a sling bullet. The sling bullet hits Terence.
Terence is heavily wounded.
Terence closely misses you.
You shoot a sling bullet. The sling bullet hits Terence.
Terence is severely wounded.
Terence hits you with a +0 mace.
You die...
Terence says, "Rest in peace."

##########
...@@....#
########.#
#.# #.#
#.# #.#
####.# #.#
#....# #.#
#.####


You could see Terence.

Vanquished Creatures
  2 ball pythons (D:1)
  3 bats
  3 giant cockroaches (D:1)
  3 goblins
  4 hobgoblins
  2 quokkas (D:1)
  A frilled lizard (D:2)
  4 kobolds (D:1)
  2 rats (D:1)
24 creatures vanquished.

Notes
Turn   | Place    | Note
-------+----------+-------------------------------------------
     0 | D:1      | Arctor the Kobold Hexslinger began the quest for the Orb.
     0 | D:1      | Reached XP level 1. HP: 12/12 MP: 2/2
   263 | D:1      | Reached XP level 2. HP: 16/16 MP: 3/3
   392 | D:1      | Found a faded altar of an unknown god.
   621 | D:1      | Reached XP level 3. HP: 20/20 MP: 5/5
  1164 | D:2      | Noticed Terence
  1173 | D:2      | Slain by Terence

Illustrated notes

Levels and vault maps discovered:
D:1:      dreamdust_arrival_sigmund_warning, layout_loops_corners,
          hellmonk_ecumenical_altar_prayer_group, kennysheep_boxes
D:2:      layout_loops_ring, minmay_snake_closets, uniq_natasha, uniq_terence

Skill      XL: |  1  2 |
---------------+-------+-----
Ranged Weapons | 3 |  3.1
Fighting       | |  1.5
Dodging        | |  2.8
Spellcasting   | |  1.4
Hexes          | |  3.2
Fire Magic     | |  1.5

Action                     || total
---------------------------++-------
   Fire: Sling             ||    75
 Armour: Robe              ||    16
  Dodge: Dodged            ||    30
